 Dungeon Crawl Stone Soup version 0.23-a0-650-ga4d50d4 (webtiles) character file.

121871 4thArraOfDagon the Fighter (level 16, -2/133 HPs)
             Began as a Mummy Arcane Marksman on Jan 2, 2019.
             Was an Initiate of Gozag.
             Slain by a harpy (8 damage)
             ... on level 2 of the Shoals.
             The game lasted 01:43:38 (28143 turns).

4thArraOfDagon the Fighter (Mummy Arcane Marksman) Turns: 28143, Time: 01:43:40

Health: -2/133     AC: 28    Str: 14    XL:     16   Next: 33%
Magic:  23/25      EV: 12    Int: 34    God:    Gozag
Gold:   327        SH:  0    Dex: 27    Spells: 24/27 levels left

rFire    . . .     SeeInvis +   x - +8 scythe of Pogof {flame, Dex+5}
rCold    + + +     Gourm    .   (shield currently unavailable)
rNeg     + + +     Faith    .   r - +8 plate armour "Sireaj" {rC+}
rPois    ∞         Spirit   .   W - +0 hat of Doqot {Int+3 Dex+4}
rElec    .         Reflect  .   G - scarf {cloud immunity}
rCorr    .         Harm     .   C - +2 pair of gloves
MR       ++...                  U - +0 pair of boots of Hodgh {Int+7}
Stlth    ..........             c - amulet of regeneration
HPRegen  0.72/turn              K - ring "Gucoq" {rC+ rN+ Int+4 SInv}
MPRegen  0.19/turn              e - ring of Bihad {rF+ Int+3 Dex+4}

@: flying, very slightly contaminated, hasted, very quick
A: no food or potions, fire vulnerability, cold resistance 1, negative energy
resistance 3, torment resistance, unbreathing, in touch with death 1
a: Potion Petition, Call Merchant, Bribe Branch, Renounce Religion


You were on level 2 of the Shoals.
You worshipped Gozag.
Gozag was aware of your devotion.
You were not hungry.

You visited 6 branches of the dungeon, and saw 28 of its levels.
You also visited: Gauntlet.

You collected 11106 gold pieces.
You spent 3018 gold pieces at shops.
You paid 7761 gold pieces to Gozag.

Inventory:

Hand Weapons
 f - a +0 demon trident
 q - a +0 blowgun
 s - the +0 battleaxe "Imp's Death Toll" {venom, rF+++ Str-4 Dex+3 Stlth+}
   (You bought it in a shop on level 2 of the Lair of Beasts)

   It poisons the flesh of those it strikes.
   It affects your strength (-4).
   It affects your dexterity (+3).
   It renders you almost immune to fire.
   It makes you more stealthy.
 t - the +6 scythe "Qiagg" {elec, rElec rPois Str+2}
   (You bought it in a shop on level 6 of the Dungeon)

   Occasionally, upon striking a foe, it will discharge some electrical energy
   and cause terrible harm.
   It affects your strength (+2).
   It insulates you from electricity.
   It protects you from poison.
 x - the +8 scythe of Pogof (weapon) {flame, Dex+5}
   (You bought it in a shop on level 6 of the Dungeon)

   It has been specially enchanted to burn those struck by it, causing extra
   injury to most foes and up to half again as much damage against particularly
   susceptible opponents.
   Big, fiery blades are also staple armaments of hydra-hunters.
   It affects your dexterity (+5).
 L - the +6 arbalest of the Coward {freeze, rN+ Str+2 Dex+4 SInv}
   (You found it on level 6 of the Lair of Beasts)

   It causes projectiles fired from it to freeze those they strike, causing
   extra injury to most foes and up to half again as much damage against
   particularly susceptible opponents.
   They can also slow down cold-blooded creatures.
   It affects your strength (+2).
   It affects your dexterity (+4).
   It protects you from negative energy.
   It lets you see invisible.
Missiles
 d - 121 bolts
 V - 8 curare-tipped needles
 X - a throwing net (quivered)
Armour
 r - the +8 plate armour "Sireaj" (worn) {rC+}
   (You found it on level 3 of the Lair of Beasts)

   It protects you from cold.
 C - a +2 pair of gloves (worn)
 G - a scarf of cloud immunity (worn)
 U - the +0 pair of boots of Hodgh (worn) {Int+7}
   (You found it on level 3 of the Lair of Beasts)

   It affects your intelligence (+7).
 W - the +0 hat of Doqot (worn) {Int+3 Dex+4}
   (You found it on level 3 of the Lair of Beasts)

   It affects your intelligence (+3).
   It affects your dexterity (+4).
Magical Staves
 i - an uncursed staff of fire
 D - an uncursed staff of conjuration {!a}
 Z - an uncursed staff of wizardry {!a}
Jewellery
 a - an uncursed ring of resist corrosion
 c - an amulet of regeneration (around neck)
 e - the ring of Bihad (right hand) {rF+ Int+3 Dex+4}
   (You took it off a centaur on level 14 of the Dungeon)

   [ring of intelligence]

   It affects your intelligence (+3).
   It affects your dexterity (+4).
   It protects you from fire.
 h - an uncursed ring of wizardry
 j - the ring "Nujarph" {+Blink rElec MR+ Int+4 Stlth+}
   (You found it in a Gauntlet)

   [ring of stealth]

   It affects your intelligence (+4).
   It insulates you from electricity.
   It affects your resistance to hostile enchantments.
   It lets you blink.
   It makes you more stealthy.
 k - an uncursed amulet of magic regeneration {unknown}
 v - an uncursed ring of fire
 A - a +6 ring of intelligence
 B - a ring of the Octopus King {Wiz AC+1 EV+1 Str+1 Int+1 Dex+1}
   (You found it on level 3 of the Lair of Beasts)

   [ring of wizardry]

   It improves your spell success rate.
   It affects your AC (+1).
   It affects your evasion (+1).
   It affects your strength (+1).
   It affects your intelligence (+1).
   It affects your dexterity (+1).
 F - an uncursed ring of protection from magic
 J - an uncursed ring of magical power
 K - the ring "Gucoq" (left hand) {rC+ rN+ Int+4 SInv}
   (You found it on level 3 of the Lair of Beasts)

   [ring of see invisible]

   It affects your intelligence (+4).
   It protects you from cold.
   It protects you from negative energy.
   It lets you see invisible.
 M - an uncursed ring of protection from cold
Wands
 g - a wand of flame (94)
 p - a wand of acid (6)
 u - a wand of scattershot (5)
 H - a wand of random effects (15)
 O - a wand of digging (2)
 Q - a wand of polymorph (2)
 R - a wand of paralysis (5)
Scrolls
 b - 10 scrolls of remove curse
 l - a scroll of brand weapon
 m - 3 scrolls of fog
 n - 3 scrolls of amnesia
 o - a scroll of silence
 w - 4 scrolls of torment
 y - 4 scrolls of enchant weapon
 z - a scroll of immolation
 N - 2 scrolls of enchant armour
 P - 2 scrolls of magic mapping
Miscellaneous
 E - a lightning rod (4/4)
 I - a fan of gales
 Y - a phantom mirror


   Skills:
 - Level 14.2 Fighting
 * Level 11.4 Polearms
 - Level 6.2 Crossbows
 - Level 12.2 Armour
 - Level 12.3 Dodging
 - Level 6.1 Spellcasting
 - Level 2.6 Hexes
 - Level 3.1 Evocations


You had 24 spell levels left.
You knew the following spells:

 Your Spells              Type           Power        Failure   Level  Hunger
a - Corona                Hex            ####...      43%         1    N/A
b - Blink                 Tloc           N/A          91%         2    N/A

Your spell library contained the following spells:

 Spells                   Type           Power        Failure   Level  Hunger
 Confusing Touch          Hex            ####..       43%         1    N/A
 Slow                     Hex            ####....     58%         2    N/A
 Magic Dart               Conj           ##..         82%         1    N/A
 Confuse                  Hex            ####....     82%         3    N/A
 Call Imp                 Summ           ##......     91%         2    N/A
 Searing Ray              Conj           ##....       91%         2    N/A
 Dazzling Spray           Conj/Hex       ###...       94%         3    N/A
 Inner Flame              Hex/Fire       ###.....     94%         3    N/A
 Portal Projectile        Hex/Tloc       ###...       94%         3    N/A
 Conjure Flame            Conj/Fire      ##......     99%         3    N/A
 Gell's Gravitas          Tloc           ##........   99%         3    N/A
 Mephitic Cloud           Conj/Pois/Air  ##......     99%         3    N/A
 Cause Fear               Hex            ####......   99%         4    N/A
 Force Lance              Conj/Tloc      ##......     100%        4    N/A
 Fulminant Prism          Conj/Hex       ###.......   100%        4    N/A
 Iskenderun's Mystic Bla  Conj           ##......     100%        4    N/A
 Leda's Liquefaction      Hex/Erth       ###.......   100%        4    N/A
 Petrify                  Tmut/Erth      ##......     100%        4    N/A
 Metabolic Englaciation   Hex/Ice        ###.......   100%        5    N/A
 Yara's Violent Unravell  Hex/Tmut       ###.......   100%        5    N/A
 Bolt of Cold             Conj/Ice       ##........   100%        6    N/A
 Freezing Cloud           Conj/Ice/Air   ##........   100%        6    N/A
 Ozocubu's Refrigeration  Ice            ##........   100%        6    N/A
 Simulacrum               Ice/Necr       ###.......   100%        6    N/A
 Ice Form                 Ice/Tmut       Unusable     N/A         4    N/A

Dungeon Overview and Level Annotations

Branches:
Dungeon (15/15)            Temple (0/1) D:7            Lair (6/6) D:11
 Shoals (2/4) Lair:4       Spider (0/4) Lair:2        Slime (0/5) Lair:5
    Orc (2/2) D:11            Elf (2/3) Orc:2        Vaults (0/5) D:14
 Depths (1/5) D:15

Altars:
Ashenzari
Elyvilon
Fedhas
Gozag
Makhleb
Nemelex Xobeh
Trog
Vehumet
Wu Jian
Xom

Shops:
D:6 (=*(%   D:8 ?   D:14 ?   Orc:2 (::*%   Elf:1 }=}   Lair:2 [((((

Portals:
Pandemonium: Orc:2
Bazaar: Shoals:1

Annotations:
D:11 exclusions: ice statue and obsidian statue
D:12 Nessos
Orc:2 exclusion: upstairs
Elf:1 2 transporters, SaintRoka's ghost, adept GrSk


Innate Abilities, Weirdness & Mutations

You do not eat or drink.
Your flesh is vulnerable to fire.
You are immune to poison.
Your flesh is cold resistant. (rC+)
You are immune to negative energy. (rN+++)
You are immune to unholy pain and torment.
You can survive without breathing.
You are in touch with the powers of death.


Message History

The harpy barely misses you. The harpy claws you!
* * * LOW HITPOINT WARNING * * *
A sea snake comes into view.
Found 21 gold pieces.
Unknown command.
Unknown command.
The harpy screeches! x2; The sea snake hisses angrily.
The harpy claws you.
* * * LOW HITPOINT WARNING * * *
The harpy misses you.
The harpy claws you but does no damage. x2
Unknown command.
Unknown command.
Casting: Blink (quite dangerous; 91% risk of failure)
Confirm with . or Enter, or press ? or * to list all spells.
You miscast Blink.
You are very lightly contaminated with residual magic.
Your skin tingles.
The harpy claws you but does no damage. The harpy completely misses you.
The harpy claws you!
You die...
Your body crumbles into a pile of gold.

.≈≈..≈≈... ≈ ....≈≈..S.#
≈≈ #..≈......#
...###<........
.......>.......
......≈.....#
.$≈........# .#.
.≈≈=...@HH.###....
.≈.....HH.........
≈...≈≈≈..H......#
....≈≈≈≈≈≈≈.....#.≈≈≈≈
#...≈≈≈≈≈≈≈..≈≈≈≈≈≈≈≈≈≈≈
#.#.≈≈≈≈≈≈≈≈≈≈≈≈≈≈≈≈≈≈≈≈
.......≈≈≈≈≈≈≈≈≈≈≈≈≈≈≈≈≈
......≈≈≈≈≈≈≈≈≈≈≈≈≈..≈≈
≈..≈...≈≈≈≈≈≈≈≈≈≈≈.....


You could see a sea snake and 5 harpies.

Vanquished Creatures
  A stone giant (D:15)
  Azrael (Elf:1)
  A minotaur (Gauntlet)
  2 deep elf annihilators
  Snorg (Lair:5)
  A merfolk impaler (Shoals:2)
  A fire dragon (Lair:6)
  7 hydras
  Harold (D:8)
  2 merfolk avatars (Shoals:2)
  2 shambling mangroves (Lair:3)
  2 centaur warriors
  5 two-headed ogres
  3 death yaks (Lair:6)
  8 orc high priests (Orc:2)
  2 tengu warriors
  A deep elf knight (Elf:1)
  6 sea snakes
  5 unseen horrors
  2 torturous demonspawn (Orc:2)
  A wizard (D:15)
  A lindwurm (Lair:6)
  10 harpies
  Pikel (D:8)
  3 deep elf archers (Elf:1)
  6 orc knights
  A necromancer (D:15)
  12 deep elf magi
  A wolf spider (Lair:6)
  7 ugly things
  6 orc sorcerers
  3 manticores
  2 centaur zombies
  An oklob plant (Lair:3)
  3 cyclopes
  3 elephants (Lair:4)
  A merfolk siren (Shoals:1)
  5 fauns
  7 black mambas
  2 orange demons (Orc:2)
  A gargoyle (D:13)
  An apocalypse crab (Gauntlet)
  A naga mage (D:15)
  A smoke demon (Orc:2)
  3 centaur skeletons
  5 torpor snails (Lair:6)
  8 spiny frogs
  3 water nymphs (Shoals:1)
  3 rime drakes
  A kobold demonologist (D:15)
  10 komodo dragons
  A yaktaur (shapeshifter) (D:14)
  A freezing wraith (D:15)
  An ice devil (Orc:2)
  A redback zombie (D:14)
  4 trolls
  A tengu conjurer (D:13)
  6 merfolk
  A red devil (Orc:2)
  2 wind drakes
  A queen bee (D:11)
  A harpy skeleton (D:15)
  14 hornets
  A wandering mushroom (Lair:3)
  3 slime creatures (D:12)
  10 polar bears
  2 wolf spider simulacra
  4 raiju (Lair:6)
  4 tyrant leeches (Lair:6)
  10 hippogriffs
  A dream sheep (Lair:6)
  4 snapping turtles
  3 centaur simulacra (Gauntlet)
  A redback (Lair:2)
  A spriggan (shapeshifter) (D:14)
  Sigmund (D:4)
  6 shadows
  2 vampires
  A water elemental (Shoals:2)
  A human (shapeshifter) (D:13)
  A wraith (D:10)
  A basilisk (Lair:3)
  37 yaks
  3 fire elementals (Elf:1)
  A wyvern (Lair:5)
  A steam dragon (Lair:6)
  2 vampire mosquitoes (D:15)
  11 wargs
  18 water moccasins
  An acid dragon (D:15)
  15 hell hounds
  A hydra simulacrum (Lair:3)
  11 porcupines
  A meliai simulacrum (D:15)
  6 sky beasts
  A slave (D:8)
  35 orc warriors
  3 ice beasts
  An ice dragon simulacrum (Gauntlet)
  A black bear (shapeshifter) (D:14)
  3 phantoms
  3 eyes of draining
  An eye of draining (shapeshifter) (D:14)
  11 black bears (Lair:6)
  7 ogres
  11 centaurs
  27 wolves
  11 crocodiles
  2 big kobolds
  21 bullfrogs
  A gnoll sergeant (D:6)
  3 scorpions
  A killer bee (shapeshifter) (Elf:1)
  24 killer bees
  4 wights (D:14)
  3 howler monkeys
  5 crimson imps
  A hippogriff simulacrum (Lair:3)
  6 hounds
  27 orc priests
  Crazy Yiuf (D:2)
  A bullfrog zombie (D:12)
  A jelly (shapeshifter) (D:7)
  12 jellies
  13 orc wizards
  Jessica (D:2)
  3 bullfrog skeletons
  5 iguanas
  9 worker ants
  A wolf simulacrum (Lair:3)
  A hound zombie (D:9)
  A worker ant zombie (D:8)
  12 gnolls
  A howler monkey skeleton (D:7)
  8 adders
  2 shadow imps (D:5)
  3 oozes
  An adder zombie (D:9)
  2 adder skeletons (D:5)
  2 worms
  A dart slug (D:3)
  2 leopard geckos
  89 orcs
  A ball python (D:4)
  2 giant cockroaches
  4 goblins
  7 hobgoblins
  6 jackals
  4 quokkas
  2 bats
  6 frilled lizards
  25 kobolds
  A quokka zombie (D:6)
  5 rats
  6 plants
820 creatures vanquished.

Vanquished Creatures (others)
  2 dancing weapons (Elf:1)
  An ice beast (D:8)
  5 killer bees (D:6)
  A crimson imp (D:8)
  An adder (D:8)
  An orc (D:8)
  A bush (Elf:1)
  6 fungi
  22 plants
  12 tentacles (Shoals:2)
  11 toadstools (Lair:2)
63 creatures vanquished.

Grand Total: 883 creatures vanquished

Notes
Turn   | Place    | Note
-------+----------+-------------------------------------------
     0 | D:1      | 4thArraOfDagon the Mummy Arcane Marksman began the quest
                  | for the Orb.
     0 | D:1      | Reached XP level 1. HP: 15/15 MP: 2/2
   167 | D:1      | Reached XP level 2. HP: 21/21 MP: 4/4
   328 | D:2      | Reached XP level 3. HP: 24/26 MP: 5/5
   573 | D:4      | Noticed Sigmund
   706 | D:3      | Reached XP level 4. HP: 32/32 MP: 6/6
   769 | D:3      | Found an ornate altar of the Wu Jian Council.
   799 | D:3      | You fall through a shaft for 2 floors!
   799 | D:5      | Entered Level 5 of the Dungeon
   799 | D:5      | Noticed a phantom
   812 | D:5      | Found a bloodstained altar of Trog.
   841 | D:5      | You fall through a shaft for 3 floors!
   844 | D:8      | Reached XP level 5. HP: 7/37 MP: 7/7
   859 | D:8      | Noticed an orc warrior
   907 | D:7      | Found an opulent altar of Gozag.
  1113 | D:7      | Noticed a centaur
  1134 | D:6      | Reached skill level 5 in Crossbows
  1139 | D:6      | Reached XP level 6. HP: 14/43 MP: 8/8
  1401 | D:6      | Found Cargh's Food Shoppe.
  1582 | D:8      | Noticed a slave
  1603 | D:7      | Became a worshipper of Gozag Ym Sagoz the Greedy
  1687 | D:6      | Noticed a sky beast
  1698 | D:6      | Killed a sky beast
  1705 | D:6      | Reached XP level 7. HP: 32/48 MP: 9/9
  1729 | D:6      | Found Ethah's Jewellery Boutique.
  1791 | D:4      | Found a sparkling altar of Nemelex Xobeh.
  1992 | D:4      | Reached skill level 1 in Armour
  2412 | D:3      | Reached skill level 2 in Fighting
  2465 | D:3      | Found a shattered altar of Ashenzari.
  3075 | D:2      | Noticed Jessica
  3094 | D:2      | Killed Jessica
  3346 | D:2      | Found a runed door.
  3351 | D:2      | Noticed Crazy Yiuf
  3357 | D:2      | Killed Crazy Yiuf
  3682 | D:4      | Killed Sigmund
  3682 | D:4      | Reached skill level 3 in Fighting
  3856 | D:4      | Reached XP level 8. HP: 33/58 MP: 10/10
  4361 | D:5      | Found a shimmering altar of Xom.
  4382 | D:5      | Reached skill level 4 in Fighting
  4748 | D:6      | Found Wiluykuc's Antique Weapon Shop.
  4760 | D:6      | Bought an encrusted scythe for 168 gold pieces
  4760 | D:6      | Identified the +6 scythe "Qiagg" {elec, rElec rPois Str+2}
                  | (You bought it in a shop on level 6 of the Dungeon)
  4781 | D:6      | Found Xuhimav's Antique Weapon Shoppe.
  4789 | D:6      | Bought a translucent mace for 168 gold pieces
  4789 | D:6      | Identified the +2 mace of Victory {flame, MR- Dex+7 SInv}
                  | (You bought it in a shop on level 6 of the Dungeon)
  4821 | D:6      | Found Loadghede's Assorted Antiques.
  4828 | D:6      | Bought a scroll labeled USEIKYT WEDY for 20 gold pieces
  4828 | D:6      | Bought a scroll labeled HEUHE LESYOCZE for 20 gold pieces
  4828 | D:6      | Bought an ichor-stained scythe for 160 gold pieces
  4828 | D:6      | Identified the +8 scythe of Pogof {flame, Dex+5} (You
                  | bought it in a shop on level 6 of the Dungeon)
  5319 | D:7      | Reached skill level 5 in Fighting
  5324 | D:7      | Found a white marble altar of Elyvilon.
  5637 | D:8      | Noticed Pikel
  5663 | D:8      | Killed Pikel
  5663 | D:8      | Reached XP level 9. HP: 62/69 MP: 11/11
  5716 | D:8      | Reached skill level 5 in Dodging
  5744 | D:8      | Reached skill level 6 in Fighting
  6013 | D:8      | Found Ruyky's Magic Scroll Emporium.
  6022 | D:8      | Reached skill level 5 in Armour
  6033 | D:8      | Bought 3 scrolls of teleportation for 144 gold pieces
  6033 | D:8      | Bought a scroll of identify for 32 gold pieces
  6033 | D:8      | Bought a scroll of identify for 32 gold pieces
  6106 | D:8      | Noticed Harold
  6611 | D:9      | Reached skill level 7 in Fighting
  6778 | D:9      | Noticed a two-headed ogre
  6842 | D:10     | Entered Level 10 of the Dungeon
  6937 | D:10     | Reached XP level 10. HP: 79/79 MP: 12/12
  7524 | D:6      | Bought an uncursed amulet of regeneration for 360 gold
                  | pieces
  7610 | D:8      | You fall through a shaft for 3 floors!
  7672 | D:11     | Noticed a deep elf annihilator
  7681 | D:11     | Noticed an eight-headed hydra
  7715 | D:10     | Identified a scroll of acquirement
  7759 | D:10     | Noticed a two-headed ogre
  7771 | D:10     | Killed a two-headed ogre
  7945 | D:11     | You fall through a shaft for 2 floors!
  7959 | D:13     | Noticed a manticore
  7963 | D:13     | Noticed a tengu warrior
  8005 | D:13     | Reached skill level 1 in Evocations
  8006 | D:13     | Reached skill level 8 in Fighting
  8021 | D:13     | Killed a tengu warrior
  8217 | D:12     | Noticed a white ugly thing
  8382 | D:14     | Noticed a two-headed ogre
  8405 | D:14     | Killed a two-headed ogre
  8405 | D:14     | Reached XP level 11. HP: 63/87 MP: 13/13
  8424 | D:14     | Bought a scroll of teleportation for 48 gold pieces
  8424 | D:14     | Bought 3 scrolls of teleportation for 144 gold pieces
  8424 | D:14     | Bought a scroll of fear for 56 gold pieces
  8424 | D:14     | Bought a scroll of identify for 32 gold pieces
  8424 | D:14     | Bought a scroll of identify for 32 gold pieces
  8680 | D:14     | Noticed an orb spider
  8685 | D:14     | an orb spider changed into a guardian serpent
  8690 | D:14     | Reached skill level 9 in Fighting
  8756 | D:13     | Noticed a two-headed ogre
  8761 | D:13     | Killed a two-headed ogre
  8881 | D:12     | Noticed a purple ugly thing
  8901 | D:12     | Killed a purple ugly thing
  9297 | D:12     | Got a scorched plate armour
  9298 | D:12     | Identified the +6 plate armour of the Fisher {-Cast Str+4
                  | Dex+3} (You found it on level 12 of the Dungeon)
  9315 | D:11     | Noticed a five-headed hydra
  9323 | D:11     | Killed a one-headed hydra
  9356 | D:12     | Noticed a two-headed ogre
  9372 | D:12     | Killed a two-headed ogre
  9527 | D:12     | Killed an unseen horror
  9574 | D:12     | Killed a white ugly thing
  9574 | D:12     | Reached skill level 10 in Fighting
  9632 | D:12     | Noticed Nessos
 10066 | D:12     | Killed an unseen horror
 10111 | D:12     | Reached XP level 12. HP: 98/98 MP: 14/14
 11177 | D:14     | Found a gate to the Vaults.
 11188 | D:14     | Noticed a centaur warrior
 11221 | D:14     | Noticed a fire dragon
 11221 | D:14     | a manticore changed into a fire dragon
 11349 | D:15     | Entered Level 15 of the Dungeon
 11358 | D:15     | Reached skill level 11 in Fighting
 11378 | D:15     | Noticed a centaur warrior
 11637 | D:15     | Killed a centaur warrior
 11700 | D:15     | Noticed a five-headed hydra
 11708 | D:15     | Killed a one-headed hydra
 11712 | D:15     | Reached skill level 10 in Dodging
 12256 | D:15     | Reached skill level 10 in Armour
 12346 | D:14     | Noticed a satyr
 12346 | D:14     | Noticed a fire dragon
 12346 | D:14     | a satyr changed into a fire dragon
 12348 | D:14     | a fire dragon changed into a wolf spider
 12472 | D:11     | Found a staircase to the Orcish Mines.
 12506 | D:11     | Killed a five-headed hydra
 12527 | D:11     | Gained mutation: You are in touch with the powers of death.
                  | [Mummy growth]
 12527 | D:11     | Reached XP level 13. HP: 103/107 MP: 15/15
 12551 | D:11     | Found a staircase to the Lair.
 12839 | D:11     | Killed a deep elf annihilator
 12839 | D:11     | Reached skill level 12 in Fighting
 14047 | D:8      | Found a radiant altar of Vehumet.
 14049 | D:8      | Found a burning altar of Makhleb.
 14130 | D:8      | Killed Harold
 14193 | D:8      | Bought a scroll of brand weapon for 320 gold pieces
 14193 | D:8      | Bought a scroll of silence for 120 gold pieces
 14237 | D:7      | Found a staircase to the Ecumenical Temple.
 14322 | Orc:1    | Entered Level 1 of the Orcish Mines
 14486 | Orc:2    | Entered Level 2 of the Orcish Mines
 14491 | Orc:2    | Found a staircase to the Elven Halls.
 14926 | Orc:2    | Found Ohoclang's Book Emporium.
 15095 | Orc:2    | Noticed an orc warlord
 15223 | Orc:2    | Found Utor's Food Shop.
 15700 | Orc:2    | Found Dilolioch's General Store.
 15805 | Orc:2    | Bought a wand of digging (3) for 210 gold pieces
 16101 | Orc:2    | Reached skill level 13 in Fighting
 16641 | Orc:2    | Reached XP level 14. HP: 93/118 MP: 16/16
 16738 | Orc:2    | Found Poybuno's Book Emporium.
 16738 | Orc:2    | Found a one-way gate leading to the halls of Pandemonium.
 16738 | Orc:2    | Found Anisuq Diff's Antique Weapon Shoppe.
 16867 | Lair:1   | Entered Level 1 of the Lair of Beasts
 17019 | Lair:1   | Reached skill level 1 in Polearms
 17564 | Lair:2   | Found a blossoming altar of Fedhas.
 17590 | Lair:2   | Found a sparkling altar of Nemelex Xobeh.
 17803 | Lair:2   | Found a hole to the Spider Nest.
 17851 | Lair:3   | Found a gate leading to a gauntlet.
 17851 | Lair:3   | Found the ring of the Octopus King
 17856 | Gauntlet | Entered a Gauntlet
 17856 | Gauntlet | Found a transporter.
 17856 | Gauntlet | Found a transporter.
 17860 | Gauntlet | Found a transporter.
 17864 | Gauntlet | Found a transporter.
 17925 | Gauntlet | Found a transporter.
 17938 | Gauntlet | Found a transporter.
 17955 | Gauntlet | Got an ichor-stained hat
 17962 | Gauntlet | Identified the +0 hat of the Known World {rC+} (You found
                  | it in a Gauntlet)
 18042 | Gauntlet | Found a transporter.
 18043 | Gauntlet | Found a transporter.
 18051 | Gauntlet | Found a transporter.
 18076 | Gauntlet | Found a transporter.
 18116 | Gauntlet | Got a transparent lapis lazuli ring
 18170 | Gauntlet | Identified the ring "Nujarph" {+Blink rElec MR+ Int+4
                  | Stlth+} (You found it in a Gauntlet)
 18203 | Lair:3   | Identified the cursed +0 pair of boots of Hodgh {Int+7}
                  | (You found it on level 3 of the Lair of Beasts)
 18654 | Lair:3   | Found a transporter.
 18666 | Lair:3   | Found a transporter.
 18687 | Lair:3   | Got a translucent hat
 18689 | Lair:3   | Got an encrusted ring mail
 18696 | Lair:3   | Identified the +8 ring mail "Ytism" {rElec Str-5 Dex+7}
                  | (You found it on level 3 of the Lair of Beasts)
 18697 | Lair:3   | Identified the cursed +0 hat of Doqot {Int+3 Dex+4} (You
                  | found it on level 3 of the Lair of Beasts)
 18807 | Lair:3   | Learned a level 2 spell: Blink
 18959 | Lair:4   | Found a staircase to the Shoals.
 19412 | Lair:5   | Found a staircase to the Slime Pits.
 19460 | Lair:5   | Noticed Snorg
 19718 | Lair:6   | Entered Level 6 of the Lair of Beasts
 19803 | Lair:6   | Reached skill level 5 in Polearms
 20162 | Lair:6   | Found a runed door.
 20260 | Lair:5   | Reached XP level 15. HP: 60/125 MP: 21/21
 20398 | Lair:5   | Killed Snorg
 20576 | Lair:6   | Reached skill level 14 in Fighting
 20604 | Lair:6   | Reached skill level 5 in Spellcasting
 21017 | Lair:6   | Got a smoking arbalest
 21018 | Lair:6   | Identified the +6 arbalest of the Coward {freeze, rN+ Str+2
                  | Dex+4 SInv} (You found it on level 6 of the Lair of Beasts)
 22665 | Lair:3   | Identified the ring "Gucoq" {rC+ rN+ Int+4 SInv} (You found
                  | it on level 3 of the Lair of Beasts)
 22682 | Lair:3   | Got a polished plate armour
 22693 | Lair:3   | Identified the +8 plate armour "Sireaj" {rC+} (You found it
                  | on level 3 of the Lair of Beasts)
 22697 | Lair:3   | Got a ring of the Octopus King
 22705 | Lair:3   | Identified a ring of the Octopus King {Wiz AC+1 EV+1 Str+1
                  | Int+1 Dex+1} (You found it on level 3 of the Lair of
                  | Beasts)
 22769 | Lair:2   | Bought a fine halberd for 315 gold pieces
 22769 | Lair:2   | Bought a translucent broad axe for 315 gold pieces
 22770 | Lair:2   | Identified the +3 halberd of Dym Fano {protect, rPois} (You
                  | bought it in a shop on level 2 of the Lair of Beasts)
 22773 | Lair:2   | Identified the +7 broad axe of Propriety {antimagic, MR+
                  | Int+2 Stlth+} (You bought it in a shop on level 2 of the
                  | Lair of Beasts)
 22777 | Lair:2   | Bought a pitted battleaxe for 322 gold pieces
 22777 | Lair:2   | Identified the cursed +0 battleaxe "Imp's Death Toll"
                  | {venom, rF+++ Str-4 Dex+3 Stlth+} (You bought it in a shop
                  | on level 2 of the Lair of Beasts)
 22782 | Lair:2   | 11 shops wasted
 22782 | Lair:2   | rup
 22782 | Lair:2   | RIP
 22859 | Elf:1    | Entered Level 1 of the Elven Halls
 23053 | Elf:1    | Found a transporter.
 23053 | Elf:1    | Noticed SaintRoka's ghost (adept GrSk)
 23054 | Elf:1    | Found a transporter.
 23194 | Elf:1    | Noticed Azrael
 23217 | Elf:2    | haste plz
 23234 | Elf:2    | Found a runed gate.
 23234 | Elf:2    | Found a runed gate.
 23234 | Elf:2    | Found a runed gate.
 23494 | Elf:1    | Found Abyuneabue's Gadget Emporium.
 23496 | Elf:1    | Found Qunauq's Jewellery Shop.
 23497 | Elf:1    | Found Kunuar's Gadget Emporium.
 23648 | Elf:1    | Killed Azrael
 24043 | Elf:1    | HP: 5/126 [deep elf archer/arrow (19)]
 24495 | Elf:1    | HP: 5/126 [deep elf knight/+0 scimitar (11)]
 24703 | D:14     | Identified the ring of Bihad {rF+ Int+3 Dex+4}
 25813 | D:15     | Found a staircase to the Depths.
 25818 | Depths:1 | Entered Level 1 of the Depths
 26218 | Depths:1 | Noticed a fire giant
 26491 | Shoals:1 | Entered Level 1 of the Shoals
 26661 | Shoals:1 | Reached XP level 16. HP: 117/133 MP: 25/25
 26671 | Shoals:1 | Got a distressingly furry scale mail
 26675 | Shoals:1 | Reached skill level 10 in Polearms
 26692 | Lair:4   | Identified the cursed +1 scale mail of Resourcefulness
                  | {rElec Str+2 Int+2} (You found it on level 1 of the Shoals)
 27422 | Shoals:2 | Noticed a kraken
 27770 | Shoals:1 | Found a gateway to a bazaar.
 28142 | Shoals:2 | HP: 5/133 [harpy (6)]
 28143 | Shoals:2 | Slain by a harpy

Vault maps used:
D:1:      minmay_arrival_loop, roderic_roman_lattice, minmay_pentomino_s4
D:2:      chequers_mini_garden, uniq_crazy_yiuf_cottage, uniq_jessica
D:3:      lemuel_coloured_pillars_altar, lemuel_doored_altar
D:4:      nemelex_xobeh_ov_fountains_minmay, uniq_sigmund
D:5:      lemuel_crystal_altar, lemuel_crystal_altar, first_ration
D:6:      serial_shops, kennysheep_mini_moat, shop,
          nicolae_shop_overgrown_old_shop, nicolae_shop_waterfront, shop,
          lemuel_old_faithful
D:7:      lemuel_crystal_altar, grunt_gozag_statues, temple_statues,
          serial_bayou, serial_bayou_pond_c, serial_bayou_lake_a,
          serial_bayou_shore_a, serial_bayou_lagoon_a
D:8:      grunt_temple_overflow_lords_of_destruction, serial_shops,
          kennysheep_little_box, uniq_pikel, uniq_harold
D:11:     minmay_separated_statues, erik_lair_orcish_takeover, orc_0_dummy,
          david_nohive_1, kennysheep_just_a_vault
D:12:     uniq_fannar, uniq_nessos
D:14:     david_vaults_2, hangedman_abyss_or_decor_clamps
D:15:     grunt_enter_depths_magical_seal
Lair:1:   chequers_serial_rivers_micro_a, small_statue_intersection,
          serial_bayou_pond_a, st_stairs_6
Lair:2:   spider_nest_entry_rubble, basic_altar, tgw_fedhas
Lair:3:   gammafunk_cloud_chamber, gauntlet_entry_generic,
          chequers_serial_rivers_large_a, serial_bayou_shore_b,
          minmay_lair_oklob_chamber, infiniplex_staircase_pool,
          grunt_megastairs_2
Lair:4:   beast_lair_carwin_large_2, shoals_dummy_entry, lemuel_fruit_tree
Lair:5:   minmay_slime_entry_jelly_boxes, st_stairs_3, grunt_megastairs_1,
          serial_bayou_shore_b, uniq_snorg
Lair:6:   wormcave, hangedman_lair_caniforms_friends, patterned_corridor
Shoals:1: serial_shops, bzr_entry_safe
Orc:2:    pf_orc_diabolical, serial_shops, shop
Elf:1:    eino_elf_arrival_sip, gammafunk_ghost_arena, minivault_28,
          minivault_25_ag, minmay_shop_grove, uniq_azrael
Elf:2:    portal_ice_cave_entry_horrid_things, minmay_elf_demonology, uniq_agnes
Depths:1: pf_vacation_house_of_asmodeus, hangedman_abyss_entry_splay,
          nicolae_water_bricks, kennysheep_diamond, kennysheep_generic_room_2,
          uniq_enchantress
Gauntlet: gammafunk_gauntlet_branching

Skill      XL: |  1  2  3  4  5  6  7  8  9 10 11 12 13 14 15 16 |
---------------+-------------------------------------------------+-----
Crossbows      | 2 3 4 5 6 |  6.2
Armour         | 2 4 5 7 8 10 11 12 | 12.2
Dodging        | 3 4 6 7 8 10 11 12 | 12.3
Fighting       | 3 5 7 8 10 11 13 14 | 14.2
Evocations     | 3 |  3.1
Polearms       | 5 9 11 | 11.4
Spellcasting   | 4 6 |  6.1
Hexes          | |  2.6

Action                   |  1- 3 |  4- 6 |  7- 9 | 10-12 | 13-15 | 16-18 || total
-------------------------+-------+-------+-------+-------+-------+-------++-------
Melee: Staff             |       |       |    75 |       |       |       ||    75
       Quarterstaff      |       |       |   303 |    67 |       |       ||   370
       Trident           |       |       |    22 |       |       |       ||    22
       Scythe            |       |       |    82 |   538 |  1858 |   249 ||  2727
       Battleaxe         |       |       |       |       |    65 |       ||    65
 Fire: Hand crossbow     |    75 |   102 |    97 |    37 |     4 |       ||   315
       Arbalest          |       |       |       |       |    31 |       ||    31
       Blowgun           |       |       |       |       |     2 |       ||     2
Throw: Throwing net      |       |       |       |       |     3 |     1 ||     4
Invok: Potion Petition   |       |     1 |       |       |     4 |     2 ||     7
       Call Merchant     |       |       |       |     1 |     5 |       ||     6
 Abil: Evoke Blink       |       |       |       |       |     2 |       ||     2
Evoke: Wand              |       |       |     2 |    12 |    34 |       ||    48
       Lightning rod     |       |       |       |     7 |    11 |       ||    18
       Fan of gales      |       |       |       |       |     1 |       ||     1
       Phantom mirror    |       |       |       |       |     1 |       ||     1
  Use: Scroll            |       |     3 |     9 |    13 |    29 |     2 ||    56
 Stab: Paralysed         |       |       |     3 |       |       |       ||     3
       Distracted        |       |       |     4 |     2 |    10 |     2 ||    18
       Confused          |       |       |       |     1 |       |       ||     1
       Petrifying        |       |       |       |     1 |       |       ||     1
       Invisible         |       |       |       |       |     3 |       ||     3
       Held in net/web   |       |       |       |       |       |     1 ||     1
Armor: Robe              |     4 |    13 |     6 |       |       |       ||    23
       Chain mail        |       |       |   371 |   181 |       |       ||   552
       Plate armour      |       |       |       |   545 |  2050 |   231 ||  2826
Dodge: Dodged            |    21 |    51 |   253 |   541 |  2718 |   226 ||  3810

Table legend:
 A = Non-vault XP
 B = Vault XP
 C = Vault XP percentage of total XP
 D = Non-vault monster count
 E = Vault monster count
 F = Vault count percentage of total count
                 A         B        C        D         E       F
            +---------+---------+-------+---------+---------+-------
      Total |  107771 |   66331 |  38.1 |     563 |     253 |  31.0
            +---------+---------+-------+---------+---------+-------
        D:1 |      41 |       9 |  18.0 |      18 |       3 |  14.3
        D:2 |      45 |      79 |  63.7 |      13 |       2 |  13.3
        D:3 |     233 |       0 |   0.0 |      20 |       0 |   0.0
        D:4 |     175 |     223 |  56.0 |      20 |       1 |   4.8
        D:5 |     620 |       0 |   0.0 |      17 |       0 |   0.0
        D:6 |     671 |       0 |   0.0 |      23 |       0 |   0.0
        D:7 |     491 |       0 |   0.0 |      20 |       0 |   0.0
        D:8 |    1116 |    1655 |  59.7 |      16 |       2 |  11.1
        D:9 |    2060 |       0 |   0.0 |      18 |       0 |   0.0
       D:10 |    2683 |       0 |   0.0 |      14 |       0 |   0.0
       D:11 |    3908 |    3036 |  43.7 |      25 |      25 |  50.0
       D:12 |    8572 |       0 |   0.0 |      40 |       0 |   0.0
       D:13 |    7476 |     207 |   2.7 |      37 |       1 |   2.6
       D:14 |   10723 |     349 |   3.2 |      47 |       2 |   4.1
       D:15 |    8036 |    5233 |  39.4 |      24 |       9 |  27.3
     Lair:1 |    2511 |     411 |  14.1 |      15 |       1 |   6.2
     Lair:2 |    4904 |     229 |   4.5 |      25 |       1 |   3.8
     Lair:3 |    5813 |    4784 |  45.1 |      30 |      15 |  33.3
     Lair:4 |    5606 |     925 |  14.2 |      16 |       4 |  20.0
     Lair:5 |    2725 |    1707 |  38.5 |      14 |      14 |  50.0
     Lair:6 |    9001 |   19080 |  67.9 |      21 |      78 |  78.8
   Shoals:1 |   11793 |       0 |   0.0 |      22 |       0 |   0.0
   Shoals:2 |    9437 |       0 |   0.0 |      18 |       0 |   0.0
      Orc:1 |    2415 |     405 |  14.4 |      30 |       4 |  11.8
      Orc:2 |    1149 |   17626 |  93.9 |      12 |      65 |  84.4
      Elf:1 |    5567 |    6730 |  54.7 |       8 |      15 |  65.2
   Gauntlet |       0 |    3643 | 100.0 |       0 |      11 | 100.0
            +---------+---------+-------+---------+---------+-------
